 Dungeon Crawl Stone Soup version 0.21.1-1-g345015f (webtiles) character file.

5301 Ramesses the Fighter (level 10, -10/166 HPs)
             Began as an Ogre Berserker on June 20, 2018.
             Was an Elder of Trog.
             Mangled by a yak (13 damage)
             ... on level 9 of the Dungeon on June 21, 2018.
             The game lasted 00:39:33 (10466 turns).

Ramesses the Fighter (Ogre Berserker)              Turns: 10466, Time: 00:39:33

Health: -10/166    AC:  6    Str: 31    XL:     10   Next: 63%
Magic:  10/10      EV: 12    Int:  8    God:    Trog [****..]
Gold:   350        SH:  0    Dex:  8    Spells: 9/9 levels left

rFire    + . .     SeeInvis +   c - +2 whip (freeze)
rCold    x . .     Gourm    .   (no shield)
rNeg     . . .     Faith    .   b - +1 animal skin
rPois    .         Spirit   .   e - +2 hat
rElec    .         Reflect  .   (no cloak)
rCorr    .         Harm     .   (gloves unavailable)
MR       +....                  (boots unavailable)
Stlth    ..........             t - amulet of magic regeneration
HPRegen  0.37/turn              q - ring of see invisible
MPRegen  0.37/turn              p - ring of fire

@: berserking (expiring), lethally poisoned (-10 -> -30), very quick
A: large, unfitting armour, tough skin 1
a: Berserk, Trog's Hand, Brothers in Arms, Burn Spellbooks, Renounce Religion


You were on level 9 of the Dungeon.
You worshipped Trog.
Trog was greatly pleased with you.
You were near starving.

You visited 2 branches of the dungeon, and saw 10 of its levels.

You collected 350 gold pieces.

Inventory:

Hand Weapons
 c - a +2 whip of freezing (weapon)
 D - a +0 dagger of holy wrath
Armour
 b - a +1 animal skin (worn)
 e - a +2 hat (worn)
Jewellery
 a - an uncursed ring of fire
 p - a ring of fire (right hand)
 q - a ring of see invisible (left hand)
 t - an amulet of magic regeneration (around neck)
 y - an uncursed amulet of rage
Wands
 s - a wand of iceblast (32)
 u - a wand of enslavement (10)
 w - a wand of random effects (34)
Scrolls
 f - 8 scrolls of remove curse
 h - 8 scrolls of teleportation
 i - a scroll of amnesia
 l - 2 scrolls of enchant armour
 n - 8 scrolls of identify
 v - 2 scrolls of magic mapping {unknown}
 B - a scroll of fear {unknown}
Potions
 d - 2 potions of agility
 g - 3 potions of curing
 k - 2 potions of berserk rage {unknown}
 m - a potion of mutation {unknown}
 o - 3 potions of flight {unknown}
 r - a potion of haste {unknown}
 x - 2 potions of degeneration {unknown}
 z - 5 potions of heal wounds {unknown}
 A - a potion of magic {unknown}
 C - a potion of brilliance {unknown}
 F - a potion of might {unknown}
Comestibles
 j - 9 rations


   Skills:
 + Level 10.8 Fighting
 + Level 9.8 Maces & Flails
 + Level 7.1 Dodging
 + Level 3.9 Stealth


You had 9 spell levels left.
You didn't know any spells.

Dungeon Overview and Level Annotations

Branches:
Dungeon (9/15)             Temple (1/1) D:7
   Lair: D:8-11         Orc: D:9-12

Altars:
Ashenzari
Cheibriados
Dithmenos
Elyvilon
Fedhas
Gozag
Hepliaklqana
Kikubaaqudgha
Makhleb
Nemelex Xobeh
Okawaru
Qazlal
Ru
Sif Muna
Trog
Uskayaw
Vehumet
Wu Jian
Xom
Yredelemnul
Zin
The Shining One

Annotations:
D:6 Blork the orc, Sigmund


Innate Abilities, Weirdness & Mutations

You are too large for most types of armour.
You have tough skin. (AC +1)


Message History

You feel sick.
You thrash the water moccasin!!
The water moccasin seems to slow down.
You freeze the water moccasin.
You kill the water moccasin!
Trog accepts your kill.
* * * LOW HITPOINT WARNING * * *
You feel sick.
You hit the yak. You freeze the yak.
The yak is lightly wounded.
* * * LOW HITPOINT WARNING * * *
You feel sick. The yak closely misses you.
You whack the yak! You freeze the yak.
The yak is heavily wounded.
* * * LOW HITPOINT WARNING * * *
You feel sick.
You whack the yak! You freeze the yak.
The yak is severely wounded.
* * * LOW HITPOINT WARNING * * *
You feel sick. The yak gores you!
You die...

#........
###.....>.#
..#.......##
.........≈.♣##
........≈≈≈≈P#
#......≈≈♣≈.###
.#........≈....#
...........†.†.###
..#.#.#...=†@....#
. #
#...###Y####.....#
###.#...#### ##..#
#........# #
#.#.####....#
#...# ##.. ...###
.....# .##$..


You could see a yak.

Vanquished Creatures
  Erica (D:8)
  A two-headed ogre (D:8)
  5 yaks
  2 hogs (D:8)
  A human (D:8)
  Duvessa (D:6)
  A water moccasin (D:9)
  A hornet zombie (D:9)
  3 sky beasts
  An ice beast (D:7)
  2 orc warriors
  A necrophage (D:8)
  5 ogres
  A centaur (D:7)
  2 bullfrogs
  Dowan (D:6)
  A scorpion (D:5)
  A howler monkey (D:4)
  2 crimson imps
  A centaur zombie (D:7)
  2 quasits
  A bullfrog zombie (D:7)
  A jelly (D:5)
  13 orc wizards
  An orc priest (D:6)
  4 hounds
  3 iguanas
  3 worker ants
  A hound zombie (D:7)
  2 worker ant zombies (D:5)
  10 adders
  2 shadow imps
  2 oozes
  An adder zombie (D:7)
  2 adder skeletons (D:5)
  6 worms (D:2)
  4 leopard geckos
  29 orcs
  5 bats
  6 giant cockroaches
  6 goblins
  3 hobgoblins
  8 jackals
  6 quokkas
  2 ball pythons
  2 frilled lizards
  9 kobolds
  A leopard gecko skeleton (D:5)
  A quokka zombie (D:5)
  8 rats
178 creatures vanquished.

Vanquished Creatures (collateral kills)
  An orc (D:8)
1 creature vanquished.

Grand Total: 179 creatures vanquished

Notes
Turn   | Place    | Note
-------+----------+-------------------------------------------
     0 | D:1      | Ramesses the Ogre Berserker began the quest for the Orb.
     0 | D:1      | Reached XP level 1. HP: 24/24 MP: 1/1
    72 | D:1      | Reached XP level 2. HP: 20/32 MP: 2/2
   652 | D:2      | Reached XP level 3. HP: 40/40 MP: 3/3
  1812 | D:3      | Reached XP level 4. HP: 49/49 MP: 4/4
  1906 | D:3      | Reached ** piety under Trog
  2687 | D:4      | Reached skill level 5 in Fighting
  2687 | D:4      | Reached XP level 5. HP: 57/57 MP: 5/5
  3048 | D:4      | Found a white marble altar of Elyvilon.
  3181 | D:5      | Entered Level 5 of the Dungeon
  3343 | D:5      | Reached XP level 6. HP: 64/66 MP: 6/6
  3494 | D:5      | Noticed a sky beast
  3534 | D:4      | Reached skill level 1 in Stealth
  3780 | D:5      | Noticed a sky beast
  3784 | D:4      | Reached skill level 6 in Fighting
  3784 | D:4      | Reached skill level 5 in Maces & Flails
  3784 | D:4      | Reached XP level 7. HP: 46/75 MP: 7/7
  4258 | D:5      | Reached *** piety under Trog
  4807 | D:5      | Reached XP level 8. HP: 81/84 MP: 8/8
  4932 | D:5      | Reached skill level 7 in Fighting
  5533 | D:6      | Reached **** piety under Trog
  5549 | D:6      | Reached skill level 5 in Dodging
  5861 | D:6      | Noticed Duvessa
  5861 | D:6      | Noticed Dowan
  6262 | D:6      | Noticed Blork the orc
  6312 | D:6      | Killed Dowan
  6411 | D:6      | Found a white marble altar of Elyvilon.
  6604 | D:6      | Found a glowing silver altar of Zin.
  6633 | D:6      | Noticed Sigmund
  6641 | D:6      | Killed Duvessa
  6641 | D:6      | Reached skill level 8 in Fighting
  6970 | D:7      | Found a shadowy altar of Dithmenos.
  6996 | D:7      | Reached XP level 9. HP: 82/96 MP: 9/9
  7059 | D:7      | Found a staircase to the Ecumenical Temple.
  7376 | D:7      | Found a snail-covered altar of Cheibriados.
  7376 | D:7      | Found a basalt altar of Yredelemnul.
  7377 | D:7      | Found a stormy altar of Qazlal.
  7457 | Temple   | Entered the Ecumenical Temple
  8048 | D:8      | Noticed Erica
  8474 | D:7      | Reached skill level 9 in Fighting
  9057 | D:8      | Killed Erica
  9057 | D:8      | Reached XP level 10. HP: 45/109 MP: 10/10
  9709 | D:8      | Noticed a two-headed ogre
  9728 | D:8      | Killed a two-headed ogre
  9728 | D:8      | Reached skill level 10 in Fighting
 10461 | D:9      | HP: 8/166 [water moccasin (1)]
 10466 | D:9      | HP: 3/166 [poisoned by a water moccasin]
 10466 | D:9      | Mangled by a yak

Skill      XL: |  1  2  3  4  5  6  7  8  9 10 |
---------------+-------------------------------+-----
Maces & Flails | 3 4 5 7 9 |  9.8
Dodging        | 3 4 5 6 7 |  7.1
Fighting       | 5 6 8 9 10 | 10.8
Stealth        | 1 2 3 |  3.9

Action                   |  1- 3 |  4- 6 |  7- 9 | 10-12 || total
-------------------------+-------+-------+-------+-------++-------
Melee: Mace              |    77 |       |       |       ||    77
       Whip              |    41 |   133 |   467 |   100 ||   741
Invok: Berserk           |     4 |     4 |     7 |     3 ||    18
       Burn Spellbooks   |       |       |     1 |     1 ||     2
       Brothers in Arms  |       |       |     1 |       ||     1
       Trog's Hand       |       |       |       |     1 ||     1
  Use: Scroll            |     2 |     4 |     5 |     1 ||    12
       Potion            |       |       |     3 |       ||     3
 Stab: Sleeping          |     1 |     2 |     1 |       ||     4
       Distracted        |       |       |     1 |       ||     1
  Eat: Chunk             |     2 |     6 |    12 |     2 ||    22
       Ration            |     1 |     2 |     3 |     1 ||     7
Armor: Animal skin       |    32 |    41 |   108 |    16 ||   197
Dodge: Dodged            |    65 |    64 |   209 |    39 ||   377
